Map: Abyssal Reef LE

Players

Damrud

  • Race: Zerg Zerg
  • Spawn Location: 5:00

Mamba - Winner!

  • Race: Zerg Zerg
  • Spawn Location: 11:00

Event: IEM XI Katowice - World Championship 2017

VOD

Have the link to the VOD?

Description

Time

  • Played on: Feb. 27, 2017, 5:19 a.m.
  • Length: 14:23

All games in this series

Show
View Real Time Build Order
Export as new Build Order

Damrud Zerg 

Build Orders: Hatch First, Muta Ling Bane 

Get SALT Encoding   

  12  0:01  Drone  
  13  0:13  Overlord  
  13  0:17  Drone  
  14  0:31  Drone  
  14  0:32  Drone  
  16  0:35  Drone  
  17  0:52  Hatchery  
  17  0:55  Drone  
  17  0:58  Drone  
  18  1:09  Extractor  
  17  1:13  Spawning Pool  
  17  1:16  Drone  
  17  1:20  Drone  
  18  1:29  Drone  
  19  1:41  Overlord  
  19  1:59  Queen  
  22  2:01  Zergling x4  
  22  2:03  Queen  
  22  2:04  Drone  
  22  2:08  Metabolic Boost  
  26  2:12  Drone  
  27  2:16  Drone  
  28  2:24  Zergling x2  
  28  2:25  Spine Crawler  
  28  2:27  Zergling x2  
  29  2:33  Zergling x2  
  30  2:39  Zergling x2  
  31  2:48  Drone x2  
  33  2:55  Drone  
  34  3:00  Queen  
  34  3:04  Overlord  
  36  3:22  Queen  
  36  3:23  Drone x2  
  36  3:24  Drone x4  
  44  3:37  Overlord  
  43  3:49  Overlord  
  43  3:51  Lair  
  43  3:55  Overlord  
  43  3:56  Zergling x4, Extractor  
  43  3:57  Zergling x4  
  46  4:14  Hatchery  
  45  4:25  Drone x2  
  45  4:26  Drone x4  
  51  4:37  Burrow  
  51  4:39  Extractor  
  50  4:52  Zergling x10  
  45  5:06  Spire, Drone x3  
  47  5:22  Extractor  
  47  5:26  Drone x5  
  51  5:39  Drone x4  
  55  5:51  Overlord  
  53  6:07  Drone  
  53  6:08  Drone x5  
  59  6:17  Mutalisk x2  
  63  6:20  Zerg Flyer Weapons Level 1  
  63  6:24  Mutalisk x3  
  63  6:25  Mutalisk x2  
  66  6:40  Drone x4  
  66  6:43  Mutalisk x2  
  73  6:49  Mutalisk  
  75  6:56  Extractor  
  75  6:59  Extractor  
  75  7:00  Drone x5  
  75  7:01  Drone x4  
  82  7:03  Overlord  
  82  7:23  Mutalisk x3  
  89  7:37  Drone x2  
  89  7:38  Overlord x4  
  90  7:47  Hatchery  
  89  7:52  Baneling Nest  
  89  7:54  Overlord  
  89  7:58  Drone x2  
  90  8:01  Mutalisk x5  
  100  8:12  Mutalisk x2  
  100  8:21  Extractor  
  100  8:23  Mutalisk x2, Drone x3  
  106  8:27  Drone x3  
  106  8:28  Extractor  
  106  8:33  Mutalisk  
  110  8:39  Overlord  
  110  8:42  Mutalisk x2  
  110  8:45  Zergling x6  
  110  8:46  Zergling x12  
  123  8:52  Mutalisk x2  
  127  9:00  Mutalisk  
  130  9:02  Zergling x2  
  130  9:03  Zergling x10  
  135  9:13  Overlord x4  
  133  9:26  Centrifical Hooks  
  133  9:27  Mutalisk  
  133  9:31  Baneling x8  
  135  9:32  Overlord x2  
  135  9:37  Drone x4  
  135  9:38  Drone  
  140  9:40  Mutalisk  
  140  9:50  Zergling x2  
  140  9:51  Zergling x12  
  145  9:53  Baneling  
  145  9:54  Baneling x4  
  145  10:03  Baneling x12  
  145  10:06  Zergling x2  
  145  10:07  Zergling x2  
  147  10:14  Zergling x8  
  147  10:15  Zergling x6  
  147  10:20  Zergling x2  
  147  10:21  Zergling x6  
  158  10:28  Overlord, Drone x3  
  161  10:29  Overlord  
  161  10:36  Zergling x6  
  161  10:37  Zergling x6  
  161  10:41  Baneling  
  161  10:42  Baneling x7  
  163  10:55  Zergling x2  
  163  10:56  Zergling x20  
  174  11:07  Overlord x2  
  174  11:24  Zergling x18  
  174  11:25  Zergling x14  
  168  11:44  Mutalisk  
  168  11:45  Mutalisk x10  
  139  12:07  Zergling x2  
  139  12:08  Zergling x26  
  137  12:29  Baneling x5  
  127  12:30  Mutalisk x8, Baneling x12  
  143  12:38  Baneling x5  
  143  12:43  Zergling x2  
  143  12:44  Zergling x16  
  150  12:58  Zergling x18  
  153  13:09  Overseer  
  153  13:19  Infestation Pit  
  152  13:22  Evolution Chamber  
  152  13:23  Drone x3  
  152  13:24  Evolution Chamber, Drone x5  
  158  13:30  Zergling x2  
  158  13:31  Zergling x14  
  166  13:38  Hatchery  
  149  13:43  Baneling  
  149  13:44  Baneling x19  
  149  13:47  Zergling x4  
  110  13:58  Drone x6  
Show
View Real Time Build Order
Export as new Build Order

Mamba Zerg - Winner!

Build Orders: Pool First, Lurkers 

Get SALT Encoding   

  12  0:00  Drone  
  13  0:12  Overlord  
  13  0:17  Drone  
  14  0:31  Drone x2  
  14  0:35  Drone  
  17  0:45  Extractor  
  17  0:46  Drone  
  17  0:50  Spawning Pool  
  17  0:56  Drone  
  17  1:06  Drone  
  18  1:20  Hatchery  
  18  1:23  Drone  
  18  1:30  Drone  
  19  1:38  Queen  
  21  1:45  Metabolic Boost  
  21  1:49  Zergling x2  
  22  1:57  Overlord  
  22  2:04  Baneling Nest  
  22  2:07  Drone  
  22  2:15  Queen  
  22  2:18  Drone  
  25  2:26  Zergling x2  
  26  2:33  Zergling x4  
  28  2:43  Zergling x2  
  28  2:44  Zergling x2  
  30  2:47  Zergling x2  
  30  2:48  Zergling x4  
  30  2:50  Baneling x2  
  33  2:54  Zergling x2  
  34  3:00  Overlord  
  34  3:09  Drone x2  
  35  3:23  Drone x7  
  41  3:28  Drone  
  41  3:34  Zergling x4  
  44  3:43  Overlord  
  44  3:47  Baneling x2  
  44  3:49  Overlord  
  44  3:58  Baneling  
  44  3:59  Hatchery  
  44  4:00  Drone  
  44  4:03  Drone x2  
  44  4:06  Drone x2  
  44  4:08  Drone  
  49  4:12  Drone  
  49  4:15  Drone x2  
  52  4:22  Drone  
  52  4:26  Baneling x2  
  52  4:36  Roach Warren, Extractor, Drone  
  52  4:37  Evolution Chamber, Drone x4  
  54  4:39  Extractor  
  54  4:40  Overlord  
  51  4:56  Drone x2  
  51  4:59  Lair  
  48  5:08  Drone x7  
  48  5:13  Queen  
  57  5:14  Zerg Missile Weapons Level 1  
  57  5:18  Overlord x2  
  57  5:27  Overlord  
  57  5:33  Overlord  
  57  5:37  Roach  
  57  5:38  Roach x6  
  57  5:41  Roach  
  73  5:44  Overlord  
  73  5:47  Roach x3  
  78  5:57  Roach x3  
  83  6:13  Hydralisk Den, Drone x4  
  83  6:14  Extractor  
  83  6:15  Drone x2  
  83  6:16  Drone x5  
  92  6:18  Extractor  
  92  6:23  Glial Reconstitution  
  91  6:27  Drone x5  
  96  6:32  Overlord  
  96  6:37  Overlord  
  94  6:42  Overlord  
  94  6:43  Extractor  
  94  6:45  Spore Crawler  
  92  6:48  Drone x3  
  92  6:49  Spore Crawler  
  92  6:50  Spore Crawler, Muscular Augments  
  93  6:54  Spore Crawler  
  93  6:56  Drone x4  
  93  7:00  Spore Crawler  
  95  7:04  Hydralisk x3  
  95  7:05  Hydralisk  
  103  7:08  Drone x2  
  104  7:17  Hydralisk x3  
  110  7:26  Hydralisk x3  
  110  7:27  Hydralisk  
  116  7:34  Extractor  
  115  7:38  Drone x3  
  115  7:39  Drone x3  
  115  7:44  Overlord  
  121  7:49  Zergling x2  
  122  7:57  Spore Crawler, Zergling x2  
  122  8:05  Drone x2  
  122  8:06  Queen  
  122  8:11  Hydralisk x2  
  130  8:14  Overlord  
  130  8:15  Overlord x2  
  130  8:20  Evolution Chamber  
  130  8:23  Evolution Chamber  
  130  8:25  Overlord  
  128  8:34  Hatchery  
  126  8:37  Hydralisk  
  126  8:38  Hydralisk x9  
  145  8:44  Infestation Pit  
  144  8:50  Roach x6  
  144  8:54  Hydralisk x2  
  160  9:01  Zerg Missile Weapons Level 2  
  160  9:02  Zerg Ground Armor Level 1  
  160  9:05  Lurker Den  
  149  9:31  Hydralisk x6  
  147  9:36  Drone x3  
  161  9:47  Pathogen Glands  
  161  9:49  Drone x8  
  161  9:50  Drone  
  155  10:10  Burrow  
  155  10:12  Drone x7  
  157  10:20  Drone  
  158  10:23  Spore Crawler  
  157  10:29  Infestor x3  
  157  10:30  Roach Warren  
  157  10:31  Infestor  
  162  10:40  Infestor  
  162  10:45  Spore Crawler x2  
  162  10:46  Drone x3  
  159  10:50  Drone x3  
  159  10:51  Drone  
  163  11:10  Lurker x3  
  165  11:14  Roach  
  165  11:16  Overlord x2  
  165  11:17  Tunneling Claws  
  159  11:46  Infestor x2  
  162  11:51  Roach x9  
  162  11:52  Roach x2  
  156  12:05  Drone x5  
  149  12:16  Infestor  
  149  12:18  Drone  
  149  12:19  Drone x4  
  156  12:29  Drone x3  
  157  12:30  Lurker x2  
  159  12:37  Drone x4  
  163  12:47  Hydralisk x4  
  169  12:51  Drone x2  
  169  12:52  Drone x2  
  171  12:58  Hydralisk  
  171  12:59  Hydralisk  
  171  13:02  Overseer  
  178  13:05  Drone x3  
  178  13:07  Hydralisk  
  178  13:09  Spore Crawler  
  176  13:23  Roach x2  
  176  13:24  Roach x2  
  176  13:25  Roach x8  
  176  13:28  Lurker x2, Drone x3  
  176  13:29  Drone x2  
  176  13:30  Extractor  
  179  13:49  Extractor x2  
  179  13:50  Hydralisk x3  
  183  13:58  Hatchery  
  180  14:04  Overlord  

Tags
 
Add a new tag
Caveats
  • Supply blocks, unpowered buildings, or Contaminate may cause inaccurate times.
  • Supply counts are checked every 10 seconds.